 Dungeon Crawl Stone Soup version 0.27.1-35-g4d5d836560 (webtiles) character file.

Game seed: 3774352209741376842

231 Delamore the Sneak (level 6, -2/39 HPs)
             Began as an Octopode Brigand on Apr 16, 2022.
             Slain by an orc (4 damage)
             ... on level 3 of the Dungeon.
             The game lasted 00:03:11 (3225 turns).

Delamore the Sneak (Octopode Brigand)               Turns: 3225, Time: 00:03:11

Health: -2/39      AC:  1    Str: 10    XL:     6   Next: 3%
Magic:  6/6        EV: 13    Int: 13    God:
Gold:   144        SH:  0    Dex: 16    Spells: 5/5 levels left

rFire    . . .     SeeInvis .   n - +0 short sword (speed)
rCold    . . .     Faith    .   (no shield)
rNeg     . . .     Spirit   .   (helmet restricted)
rPois    .         Reflect  .   (no amulet)
rElec    .         Harm     .   (no ring)
rCorr    .         Rampage  .   (no ring)
Will     .....                  (no ring)
Stlth    +++++.....             (no ring)
HPRegen  0.13/turn              (no ring)
MPRegen  0.10/turn              (no ring)
                                (no ring)
                                (no ring)

@: studying Shields
A: almost no armour, amphibious, 8 rings, camouflage 1, gelatinous body 1,
(nimble swimmer 1), tentacles
a: no special abilities


You were on level 3 of the Dungeon.
You visited 1 branch of the dungeon, and saw 3 of its levels.

You collected 144 gold pieces.

Inventory:

Hand Weapons
 a - a +2 dagger
 m - a +1 vampiric hand axe
 n - a +0 short sword of speed (weapon)
Missiles
 b - 7 poisoned darts
 c - 8 curare-tipped darts (quivered)
Scrolls
 d - a scroll of fog {unknown}
 g - a scroll of identify {unknown}
 h - a scroll of noise {unknown}
 l - a scroll of vulnerability {unknown}
Potions
 e - a potion of invisibility {unknown}
 f - a potion of curing {unknown}
 i - a potion of flight {unknown}
 j - 2 potions of attraction {unknown}
 k - 2 potions of haste {unknown}


   Skills:
 - Level 2.0 Fighting
 * Level 5.1 Short Blades
 - Level 2.0 Throwing
 - Level 1.0 Dodging
 + Level 7.1 Stealth


You had 5 spell levels left.
You didn't know any spells.
Your spell library contained the following spells:

 Spells                   Type           Power      Damage    Failure   Level
 Slow                     Hex            0%         N/A       43%         2
 Static Discharge         Conj/Air       0%         N/A       43%         2
 Confusing Touch          Hex            0%         N/A       67%         3
 Vampiric Draining        Necr           0%         2d6       67%         3
 Dispel Undead            Necr           0%         3d6       97%         4
 Sticky Flame             Conj/Fire      0%         2d3       97%         4


Dungeon Overview and Level Annotations

Branches:
Dungeon (3/15)

Altars:
Hepliaklqana
Trog

Shops:
D:3 (


Innate Abilities, Weirdness & Mutations

You cannot wear most types of armour.
You are amphibious.
You can wear up to eight rings at the same time.
Your skin changes colour to match your surroundings (Stealth+).
Your rubbery body absorbs attacks. (AC +1, EV +1)
((You are camouflaged near water. (Stealth+)))
You have tentacles for arms and can constrict up to eight enemies at once.


Message History

You are too injured to fight recklessly!
You are too injured to fight recklessly!
You are too injured to fight recklessly!
You are too injured to fight recklessly!
You are too injured to fight recklessly!
You are too injured to fight recklessly!
Throw: 9 darts (curare)
Press: ? - help, Q - select action, (/) - cycle Shift-Dir - straight line, f - orc priest
Aim: an orc priest, wielding a +0 falchion and wearing a +0 leather armour (moderately wounded, constricted by you, 90% to hit)
You throw a curare-tipped dart.
The curare-tipped dart hits the orc priest.
The orc priest is poisoned.
The orc priest convulses.
The orc priest seems to slow down.
The orc priest is heavily wounded.
You constrict the orc priest. The orc misses you.
The hobgoblin barely misses you.
You hit the orc priest but do no damage.
The orc priest is almost dead.
You constrict the orc priest, but do no damage.
The orc priest hits you with a +0 falchion.
* * * LOW HITPOINT WARNING * * *
You barely miss the orc priest.
The orc priest is almost dead.
You constrict the orc priest, but do no damage.
The orc misses you. The hobgoblin barely misses you.
You hit the orc priest but do no damage.
The orc priest is almost dead.
You constrict the orc priest.
You kill the orc priest!
Your Short Blades skill increases to level 5!
Your Stealth skill increases to level 7!
You have reached level 6!
Your experience leads to an increase in your attributes!
Increase (S)trength, (I)ntelligence, or (D)exterity?
You feel agile.
You hit the orc but do no damage. Your grab misses the orc.
The hobgoblin hits you.
* * * LOW HITPOINT WARNING * * *
The orc hits you with a +0 club.
You die...

..# .# #.### #........##..
..##g.#. #. ####'######..
........
####.###################
..##....
#..........#..#♣.....#..
.>...... ...........'.
#†.≈≈≈....
#.......##..........#
#.≈≈≈≈≈...
####....##..........#
#∩≈≈≈≈≈...
........##.....g....#
#.≈≈≈≈≈..#
....#...##.....)@...#
#..≈≈≈....
###.#...##.....o)...#
#♣.....#..
...<#...##..........#
########..
#####.).##........).# #.#
.....#
........##..........####.#
#####.
######..#####............##
#. ))......#
############..## #.
######.## ####..#####.
######'##### ##.........#.


You could see an orc and a hobgoblin.

Vanquished Creatures
  2 orc priests (D:3)
  A centaur skeleton (D:2)
  3 adders
  A shadow imp (D:3)
  3 worms
  15 orcs
  5 endoplasms
  7 giant cockroaches
  4 goblins
  5 hobgoblins
  3 jackals (D:1)
  9 kobolds
  3 quokkas (D:3)
  2 ball pythons (D:1)
  7 bats
  5 frilled lizards
  9 rats
84 creatures vanquished.

Notes
Turn   | Place    | Note
-------+----------+-------------------------------------------
     0 | D:1      | Delamore the Octopode Brigand began the quest for the Orb.
     0 | D:1      | Reached XP level 1. HP: 14/14 MP: 1/1
   485 | D:1      | Reached XP level 2. HP: 19/19 MP: 2/2
   629 | D:1      | Reached XP level 3. HP: 21/24 MP: 3/3
   706 | D:1      | Found a faded altar of an unknown god.
  1030 | D:2      | Reached skill level 6 in Stealth
  1030 | D:2      | Reached XP level 4. HP: 29/29 MP: 4/4
  1306 | D:2      | Found a hazy altar of Hepliaklqana.
  2100 | D:3      | Reached XP level 5. HP: 9/34 MP: 5/5
  2517 | D:3      | Found Laib Lou's Weapon Shoppe.
  3068 | D:3      | Found a bloodstained altar of Trog.
  3225 | D:3      | Reached skill level 5 in Short Blades
  3225 | D:3      | Reached skill level 7 in Stealth
  3225 | D:3      | Reached XP level 6. HP: 7/39 MP: 6/6
  3225 | D:3      | Slain by an orc

Illustrated notes

Levels and vault maps discovered:
D:1:      minmay_arrival_radiant_lines, layout_loops_ring,
          shapermc_ecumenical_altar_acropolis, minmay_misc_feat_rows
D:2:      layout_basic, basic_altar, corexii_hall_statues_x
D:3:      cheibrodos_pilgrimage, layout_basic, trog_butcher_becter,
          serial_shops, nicolae_lakefront_shop

Skill      XL: |  1  2  3  4  5 |
---------------+----------------+-----
Short Blades   | 3 4 5 |  5.1
Stealth        | 6 7 |  7.1
Fighting       | |  2.0
Throwing       | |  2.0
Dodging        | |  1.0

Action                   |  1- 3 |  4- 6 || total
-------------------------+-------+-------++-------
Melee: Dagger            |    50 |    90 ||   140
       Constrict         |     9 |    23 ||    32
       Tentacles         |     5 |    16 ||    21
       Short sword       |       |    14 ||    14
Throw: Dart              |       |     8 ||     8
 Stab: Sleeping          |    15 |    22 ||    37
Armor: Skin              |     6 |     1 ||     7
Dodge: Dodged            |    20 |    43 ||    63
